 Dungeon Crawl Stone Soup version 0.23.0 (webtiles) character file.

Game seed: 6467395338236235799

176598 Monsterracer the Unseen (level 16, -15/85 HPs)
             Began as a Spriggan Enchanter on Feb 18, 2019.
             Was the Champion of Dithmenos.
             Shot with a bolt by a yaktaur (33 damage)
             ... led by a yaktaur captain
             ... on level 2 of the Depths.
             The game lasted 01:43:57 (34625 turns).

Monsterracer the Unseen (Spriggan Enchanter)       Turns: 34625, Time: 01:43:58

Health: -15/85     AC: 11    Str: 10    XL:     16   Next: 94%
Magic:  30/30      EV: 31    Int: 23    God:    Dithmenos [******]
Gold:   1076       SH: 12    Dex: 19    Spells: 4/33 levels left

rFire    + . .     SeeInvis +   a - +7 captain's cutlass {speed, disarm}
rCold    + . .     Gourm    .   E - +4 buckler of Vimis {+Inv +Fly Str+6}
rNeg     . . .     Faith    +   T - +4 troll leather armour {Snorg}
rPois    +         Spirit   .   (helmet restricted)
rElec    +         Reflect  .   y - +2 cloak
rCorr    .         Harm     .   (gloves unavailable)
MR       ++...                  (boots unavailable)
Stlth    ++++++++++             k - amulet of faith
HPRegen  0.64/turn              C - ring of ice
MPRegen  0.22/turn              S - ring "Rabreynu" {*Contam rElec rPois rF++ Dex+2, =R}

@: wreathed by umbra, studying Fighting, very quick
A: very small, unfitting armour, see invisible, herbivore, speed 3, slow
metabolism 2
}: 2/15 runes: decaying, gossamer
a: Shadow Step, Shadow Form, Renounce Religion, Evoke Invisibility, Evoke Flight


You were on level 2 of the Depths.
You worshipped Dithmenos.
Dithmenos was exalted by your worship.
You were not hungry.

You visited 7 branches of the dungeon, and saw 34 of its levels.
You also visited: Gauntlet.

You collected 2022 gold pieces.
You spent 946 gold pieces at shops.

Inventory:

Hand Weapons
 a - the +7 captain's cutlass (weapon) {speed, disarm}
   (You acquired it on level 1 of the Swamp)

   Attacks with this weapon are significantly faster.
Missiles
 Z - a throwing net (quivered) {!f}
Armour
 y - a +2 cloak (worn)
 E - the +4 buckler of Vimis (worn) {+Inv +Fly Str+6}
   (You took it off an orc on level 9 of the Dungeon)

   It affects your strength (+6).
   It lets you turn invisible.
   It lets you fly.
 T - a +4 troll leather armour (worn) {Snorg}
 U - a +2 robe of resistance
Jewellery
 k - an amulet of faith (around neck)
 p - a +5 ring of dexterity
 s - an uncursed ring of wizardry
 C - a ring of ice (left hand)
 S - the ring "Rabreynu" (right hand) {*Contam rElec rPois rF++ Dex+2, =R}
   (You took it off an orc on level 12 of the Dungeon)

   [ring of poison resistance]

   It affects your dexterity (+2).
   It greatly protects you from fire.
   It insulates you from electricity.
   It protects you from poison.
   It causes magical contamination when unequipped.
Wands
 b - a wand of polymorph (5)
 w - a wand of flame (17)
 A - a wand of iceblast (11)
 F - a wand of enslavement (14)
 G - a wand of digging (12)
 H - a wand of clouds (11)
 J - a wand of acid (8)
 L - a wand of paralysis (26)
 N - a wand of disintegration (11)
Scrolls
 g - 4 scrolls of fog
 l - a scroll of enchant armour
 m - 4 scrolls of magic mapping
 o - 4 scrolls of amnesia
 r - 11 scrolls of remove curse
 t - 9 scrolls of teleportation {!r}
 v - 2 scrolls of vulnerability
 x - a scroll of torment {unknown}
 B - 3 scrolls of fear {!r}
 O - a scroll of summoning {unknown}
 Q - 2 scrolls of noise
 X - a scroll of blinking
Potions
 d - 10 potions of heal wounds
 e - 8 potions of curing
 h - 4 potions of lignification
 i - 10 potions of haste
 j - 7 potions of might
 n - 5 potions of flight
 q - 2 potions of mutation {!q}
 u - 5 potions of ambrosia {!q}
 z - a potion of brilliance
 D - 3 potions of resistance
 I - a potion of cancellation
 K - 3 potions of magic
 R - a potion of agility {unknown}
 V - a potion of berserk rage {!q}
Books
 Y - a manual of Fighting
Miscellaneous
 M - 2 boxes of beasts
Comestibles
 c - 51 rations


   Skills:
 + Level 10.2 Fighting
 - Level 14.0 Short Blades
 - Level 15.0 Dodging
 * Level 19.7 Stealth
 - Level 7.2 Shields
 - Level 9.0 Spellcasting
 - Level 12.0 Hexes
 - Level 3.0 Summonings
 * Level 13.4 Invocations
 - Level 6.0 Evocations


You had 4 spell levels left.
You knew the following spells:

 Your Spells              Type           Power        Failure   Level  Hunger
a - Dazzling Spray        Conj/Hex       #####.       2%          3    None
b - Ensorcelled Hibernat  Hex/Ice        ######       1%          2    None
c - Confuse               Hex            ######..     1%          3    None
d - Tukima's Dance        Hex            ######..     1%          3    None
f - Confusing Touch       Hex            ######       1%          1    None
g - Darkness              Hex            ######....   10%         6    ######.
h - Invisibility          Hex            ######..     10%         6    ######.
u - Swiftness             Chrm/Air       ##......     13%         2    None
v - Summon Butterflies    Summ           ###.....     2%          1    None
x - Passwall              Tmut/Erth      ##......     13%         2    None

Your spell library contained the following spells:

 Spells                   Type           Power        Failure   Level  Hunger
 Corona                   Hex            ######.      1%          1    None
 Summon Guardian Golem    Hex/Summ       #####...     1%          3    None
 Summon Small Mammal      Summ           ###.         2%          1    None
 Call Imp                 Summ           ###.....     3%          2    None
 Fulminant Prism          Conj/Hex       #####.....   7%          4    ##.....
 Leda's Liquefaction      Hex/Erth       #####.....   7%          4    ##.....
 Call Canine Familiar     Summ           ###.....     8%          3    None
 Magic Dart               Conj           ##..         9%          1    None
 Sandblast                Erth           ##....       9%          1    None
 Shock                    Conj/Air       ##..         9%          1    None
 Sting                    Conj/Pois      ##..         9%          1    None
 Poisonous Vapours        Pois/Air       ##....       13%         2    None
 Searing Ray              Conj           ##....       13%         2    None
 Gell's Gravitas          Tloc           ##........   26%         3    None
 Mephitic Cloud           Conj/Pois/Air  ##......     26%         3    None
 Static Discharge         Conj/Air       ##......     26%         3    None
 Stone Arrow              Conj/Erth      ##....       26%         3    None
 Summon Ice Beast         Ice/Summ       ####....     41%         4    ##.....
 Summon Lightning Spire   Summ/Air       ###.....     41%         4    ##.....
 Airstrike                Air            ##........   63%         4    ##.....
 Force Lance              Conj/Tloc      ##......     63%         4    ##.....
 Iskenderun's Mystic Bla  Conj           ##......     63%         4    ##.....
 Olgreb's Toxic Radiance  Pois           ##......     63%         4    ##.....
 Passage of Golubria      Tloc           N/A          63%         4    ##.....
 Petrify                  Tmut/Erth      ##......     63%         4    ##.....
 Summon Mana Viper        Hex/Summ       #####...     11%         5    ####...
 Metabolic Englaciation   Hex/Ice        ######....   21%         5    ####...
 Yara's Violent Unravell  Hex/Tmut       #####.....   21%         5    ####...
 Bolt of Magma            Conj/Fire/Erth ##........   93%         5    ####...
 Lee's Rapid Deconstruct  Erth           ##........   93%         5    ####...
 Lightning Bolt           Conj/Air       ##........   93%         5    ####...
 Venom Bolt               Conj/Pois      ##........   93%         5    ####...
 Iron Shot                Conj/Erth      ##........   100%        6    ######.
 Statue Form              Tmut/Erth      ##.......    100%        6    ######.
 Summon Hydra             Summ           ###.......   100%        7    #######
 Shatter                  Erth           ##........   100%        9    #######


Dungeon Overview and Level Annotations

Branches:
Dungeon (15/15)            Temple (1/1) D:7            Lair (6/6) D:9
  Swamp (4/4) Lair:4       Spider (4/4) Lair:4        Slime (0/5) Lair:5
    Orc (2/2) D:12            Elf (0/3) Orc:2        Depths (2/5) D:15
 Vaults: D:13-14

Altars:
Ashenzari
Cheibriados
Dithmenos
Elyvilon
Fedhas
Gozag
Hepliaklqana
Kikubaaqudgha
Makhleb
Nemelex Xobeh
Okawaru
Qazlal
Ru
Sif Muna
Trog
Uskayaw
Vehumet
Wu Jian
Xom
Yredelemnul
Zin
The Shining One
Beogh

Shops:
D:11 *   Orc:2 =:[}   Depths:1 !

Portals:
Hell: Depths:1

Annotations:
Swamp:2 1 runed translucent door, feelmyfire's ghost, adept DgTm


Innate Abilities, Weirdness & Mutations

You are very small and have problems with some larger weapons.
You are too small for most types of armour.
You have supernaturally acute eyesight. (SInv)
You are a herbivore.
You cover ground extremely quickly.
You need to consume almost no food.


Message History

Aiming: Ensorcelled Hibernation (safe; 1% risk of failure)
Press: ? - help, Shift-Dir - straight line, f - centaur warrior
Aim: a centaur warrior, wielding a +0 shortbow (umbra, chance to defeat MR: 48%)
The centaur warrior resists with some effort.
The centaur warrior shoots an arrow.
The arrow completely misses you.
You now have 26/30 mp.
Casting: Ensorcelled Hibernation (safe; 1% risk of failure)
Confirm with . or Enter, or press ? or * to list all spells.
Aiming: Ensorcelled Hibernation (safe; 1% risk of failure)
Press: ? - help, Shift-Dir - straight line, f/p - centaur warrior
Aim: a centaur warrior, wielding a +0 shortbow (umbra, chance to defeat MR: 48%)
The centaur warrior looks drowsy...
Your shadow mimicks your spell!
The centaur warrior is unaffected.
You now have 24/30 mp.
You see here a bolt.
The helpless centaur warrior fails to defend itself.
You perforate the centaur warrior like a sieve!!!!!
You kill the centaur warrior!
Dithmenos accepts your kill.
j - 7 potions of might (gained 1)
Things that are here:
a +0 shortbow; 10 arrows You start resting.
HP restored.
Health restored: 85 You regained 3 mp, and now have 28/30 mp.
There is a stone staircase leading down, spattered with blood here.
You start resting.
Magic restored.
MP restored: 30 You climb downwards.
The water elemental completely misses you.
The yaktaur captain shoots a bolt.
The bolt misses you. You block the water elemental's attack.
There is a stone staircase leading up, spattered with blood here.
You see here 3 bolts.
You puncture the water elemental!
The water elemental is lightly damaged.
The yaktaur captain shoots a bolt.
The bolt barely misses you.
Casting: Ensorcelled Hibernation (safe; 1% risk of failure)
Confirm with . or Enter, or press ? or * to list all spells.
Aiming: Ensorcelled Hibernation (safe; 1% risk of failure)
Press: ? - help, Shift-Dir - straight line, f - yaktaur captain
Aim: a yaktaur captain, wielding a +0 arbalest (umbra, chance to defeat MR: 30%)
The yaktaur captain easily resists.
Your shadow mimicks your spell!
The yaktaur captain resists with almost no effort.
The water elemental completely misses you.
You now have 28/30 mp.
You block the water elemental's attack.
The yaktaur captain shoots a bolt.
The bolt barely misses you.
The bolt hits the water elemental!!
The yaktaur wields a +0 arbalest.
The yaktaur shoots a bolt.
The bolt hits you! You block the water elemental's attack.
There is a stone staircase leading up, spattered with blood here.
You see here 4 bolts.
You take 13 damage, and have 72/85 hp.
Put on which piece of jewellery? (? for menu, Esc to quit)
You remove your +5 ring of dexterity.
You feel clumsy.
You feel more attuned to ice.
C - a ring of ice (left hand)
The yaktaur captain shoots a bolt.
You block the bolt.
The water elemental completely misses you.
You hit the water elemental.
The water elemental is severely damaged.
Your shadow hits the water elemental but does no damage.
The yaktaur shoots a bolt.
The bolt closely misses you.
You puncture the water elemental!
You destroy the water elemental!
Dithmenos accepts your kill.
The yaktaur captain shoots a bolt.
The bolt closely misses you.
You climb upwards.
There is a stone staircase leading down, spattered with blood here.
You regained 2 hp, and now have 75/85 hp.
You start resting.
Magic restored.
MP restored: 30 You start resting.
HP restored.
Health restored: 85 You climb downwards.
The ice dragon breathes frost at you. The blast of cold hits you!! You resist.
You emit a cloud of dark smoke.
The yaktaur shoots a bolt.
You block the bolt.
The yaktaur captain shoots a bolt.
The bolt completely misses you.
The frost giant shouts!
There is a stone staircase leading up, spattered with blood here.
You see here 6 bolts.
You take 19 damage, and have 66/85 hp.
MASSIVE DAMAGE!!
The yaktaur shoots a bolt.
The bolt hits you!!
You take 18 damage, and have 48/85 hp.
MASSIVE DAMAGE!!
The yaktaur captain unwields a +0 arbalest.
The yaktaur captain hits you!
* * * LOW HITPOINT WARNING * * *
The ice dragon breathes frost at you. The blast of cold hits you! You resist.
* * * LOW HITPOINT WARNING * * *
You emit a cloud of dark smoke.
The yaktaur shoots a bolt.
The bolt hits you!!
You die...

.... #. .....
##.. ....c
#... ##.C...
#.( ...V...
#..##..)....
##.§§§§.D....
##..§§§§....≈.
#.≈.§§@°≈.≈≈≈.
#...§§c§≈..≈.>
#..###§§≈≈....
## ...≈≈≈≈.#
.......^..
#..........
##.........
#...≈.....
###.≈≈≈≈..


You could see a frost giant, an ice dragon, a yaktaur captain, a vampire mage
and a yaktaur.

Vanquished Creatures
  A thorn hunter (Swamp:4)
  A tengu reaver (Depths:1)
  2 ghost moths (Spider:4)
  2 fire giants
  A frost giant (Depths:1)
  6 emperor scorpions (Spider:4)
  2 orc warlords
  2 very ugly things
  A stone giant (Depths:1)
  Nessos (Lair:5)
  An entropy weaver (Spider:4)
  Azrael (Orc:2)
  Snorg (Lair:5)
  4 ettins
  Josephine (D:10)
  The ghost of Mosut the Severer, a journeyman HOWn of the Shining One (Lair:3)
  A great orb of eyes (D:15)
  Fannar (Lair:3)
  2 rakshasas
  A ghost crab (Swamp:4)
  9 hydras
  A death knight (D:15)
  A death yak (Lair:4)
  11 two-headed ogres
  4 centaur warriors
  3 alligators
  6 orc high priests (Orc:2)
  A spriggan (Swamp:2)
  Sonja (D:10)
  6 skeletal warriors
  A sixfirhy (Depths:2)
  A glowing orange brain (Depths:1)
  Pikel (D:4)
  A deep troll (shapeshifter) (Depths:1)
  5 orc knights
  9 ugly things
  4 wolf spiders
  A necromancer (Gauntlet)
  7 orb spiders
  4 cyclopes
  An oklob plant (Lair:6)
  6 orc sorcerers
  4 black mambas
  Joseph (D:7)
  12 elephants
  Maurice (D:10)
  2 torpor snails (Lair:6)
  3 centaur zombies
  29 spiny frogs
  3 rime drakes
  2 gargoyles
  A kobold demonologist (D:15)
  3 demonic crawlers
  4 komodo dragons
  A yaktaur (shapeshifter) (Depths:1)
  6 yaktaurs
  10 trolls
  A meliai (shapeshifter) (Depths:1)
  9 jumping spiders
  9 tyrant leeches
  A hornet (shapeshifter) (D:15)
  4 raiju (Depths:2)
  A slime creature (Depths:1)
  3 hornets
  43 blink frogs
  4 hippogriffs
  3 bog bodies
  8 dream sheep
  6 flying skulls (Gauntlet)
  11 tarantellas
  39 yaks
  18 redbacks (Spider:4)
  5 wraiths (D:10)
  A water elemental (Depths:2)
  A wyvern (Lair:1)
  5 basilisks
  A fire elemental (Orc:2)
  6 hungry ghosts
  6 vampire mosquitoes
  3 wargs
  8 swamp worms
  4 hell hounds (Orc:2)
  17 water moccasins
  10 porcupines
  2 swamp drakes
  3 slaves (D:4)
  An ice beast (D:9)
  A sky beast (D:11)
  13 ogres
  2 phantoms
  3 centaurs
  11 wolves
  3 boggarts (D:15)
  A hornet zombie (D:7)
  45 orc warriors
  17 crocodiles
  6 big kobolds
  26 bullfrogs
  2 scorpions
  10 killer bees (D:10)
  15 wights
  4 electric eels
  3 howler monkeys
  A bullfrog zombie (D:8)
  5 crimson imps
  2 quasits
  6 jellies
  Crazy Yiuf (D:7)
  4 centaur skeletons
  A hound (D:11)
  33 orc priests
  23 orc wizards
  2 bullfrog skeletons
  Ijyb (D:4)
  7 hell rats (Lair:5)
  Natasha (thrice) (D:4)
  3 iguanas
  6 worker ants
  2 worker ant zombies (D:6)
  3 gnolls (D:2)
  10 adders
  4 shadow imps
  4 oozes
  2 adder skeletons (D:6)
  A worm (D:2)
  3 dart slugs
  12 leopard geckos
  116 orcs
  5 bats
  6 giant cockroaches
  3 goblins
  3 hobgoblins
  17 jackals
  9 kobolds
  2 quokkas
  4 frilled lizards
  A jackal skeleton (D:4)
  2 quokka skeletons
  8 rats
909 creatures vanquished.

Vanquished Creatures (collateral kills)
  A swamp worm (Swamp:4)
1 creature vanquished.

Vanquished Creatures (others)
  A ghost moth (Spider:4)
  An alligator (Swamp:4)
  A yaktaur (Depths:1)
  A dancing weapon (D:8)
  A slave (D:4)
  A centaur (D:10)
  An adder (D:4)
  A worm (D:4)
  5 briar patches (Swamp:4)
  11 fungi
  43 plants
  11 withered plants (Gauntlet)
78 creatures vanquished.

Grand Total: 988 creatures vanquished

Notes
Turn   | Place    | Note
-------+----------+-------------------------------------------
     0 | D:1      | Monsterracer the Spriggan Enchanter began the quest for the
                  | Orb.
     0 | D:1      | Reached XP level 1. HP: 9/9 MP: 5/5
    53 | D:1      | Found an iron altar of Okawaru.
   141 | D:1      | HP: 4/9 [jackal (1)]
   143 | D:1      | Reached XP level 2. HP: 5/13 MP: 1/7
   147 | D:1      | Learned a level 2 spell: Ensorcelled Hibernation
  1213 | D:2      | Reached XP level 3. HP: 15/16 MP: 6/8
  1218 | D:2      | Learned a level 3 spell: Dazzling Spray
  1299 | D:2      | Learned a level 3 spell: Confuse
  1327 | D:2      | Found a stormy altar of Qazlal.
  1411 | D:2      | Reached skill level 5 in Stealth
  1620 | D:2      | HP: 4/16 [gnoll/+0 spear (9)]
  1897 | D:2      | Reached XP level 4. HP: 20/21 MP: 1/11
  2616 | D:2      | Found a faded altar of an unknown god.
  3357 | D:3      | Noticed a bullfrog
  3364 | D:3      | Killed a bullfrog
  3364 | D:3      | Reached XP level 5. HP: 24/24 MP: 10/13
  3789 | D:4      | Reached skill level 5 in Spellcasting
  3832 | D:4      | Reached skill level 6 in Stealth
  4022 | D:4      | Reached XP level 6. HP: 28/28 MP: 5/15
  4138 | D:4      | Noticed a slave
  4242 | D:4      | Found a radiant altar of Vehumet.
  4298 | D:4      | Killed a slave
  4338 | D:4      | Noticed a slave
  4351 | D:4      | Noticed Ijyb
  4382 | D:4      | HP: 14/28 [orc (4)]
  4387 | D:4      | HP: 10/28 [Ijyb (1)]
  4389 | D:4      | Killed Ijyb
  4627 | D:4      | Reached skill level 5 in Hexes
  4641 | D:4      | Noticed Pikel
  4648 | D:4      | Noticed a slave
  4649 | D:4      | HP: 8/28 [Pikel/+1 whip of freezing (10)]
  4655 | D:4      | Noticed a slave
  4703 | D:4      | HP: 2/28 [slave[Pikel] (9)]
  4730 | D:4      | Killed Pikel
  4730 | D:4      | Reached skill level 7 in Stealth
  4730 | D:4      | Reached XP level 7. HP: 4/32 MP: 0/18
  5082 | D:4      | Noticed Natasha
  5086 | D:4      | Killed Natasha
  5274 | D:4      | Noticed Natasha
  5282 | D:4      | Killed Natasha
  5304 | D:4      | Noticed Natasha
  5313 | D:4      | HP: 15/32 [Natasha (8)]
  5321 | D:4      | Killed Natasha
  5431 | D:4      | HP: 16/32 [freed slave[Pikel] (4)]
  5631 | D:5      | Entered Level 5 of the Dungeon
  6478 | D:6      | Reached XP level 8. HP: 36/36 MP: 18/20
  6556 | D:6      | Reached skill level 8 in Stealth
  6994 | D:6      | Reached skill level 5 in Short Blades
  6998 | D:6      | Learned a level 2 spell: Passwall
  7002 | D:6      | Learned a level 3 spell: Tukima's Dance
  7046 | D:6      | HP: 15/36 [shadow imp (4)]
  7358 | D:6      | Reached skill level 9 in Stealth
  7710 | D:7      | Noticed Joseph
  7717 | D:6      | Reached XP level 9. HP: 31/40 MP: 14/23
  7793 | D:7      | HP: 8/40 [Joseph/+0 quarterstaff (13)]
  7796 | D:7      | Killed Joseph
  7796 | D:7      | Reached skill level 1 in Fighting
  8171 | D:7      | Found a staircase to the Ecumenical Temple.
  8207 | Temple   | Entered the Ecumenical Temple
  8251 | Temple   | Became a worshipper of Dithmenos the Shadowed
  8593 | D:7      | Reached skill level 10 in Stealth
  8822 | D:7      | Learned a level 2 spell: Swiftness
  8851 | D:7      | Reached skill level 5 in Dodging
  8855 | D:7      | Reached skill level 1 in Invocations
  8943 | D:7      | Found a shattered altar of Ashenzari.
  9110 | D:7      | Found a runed translucent door.
  9111 | D:7      | Noticed Crazy Yiuf
  9198 | D:7      | Killed Crazy Yiuf
  9378 | D:8      | Noticed a two-headed ogre
  9416 | D:8      | Reached * piety under Dithmenos
  9426 | D:8      | Killed a two-headed ogre
  9600 | D:8      | Reached XP level 10. HP: 47/47 MP: 4/24
  9745 | D:8      | Got an iridescent hunting sling
  9746 | D:8      | Identified the +8 hunting sling of Cost {velocity, +Inv
                  | rPois MR- Dex+2} (You found it on level 8 of the Dungeon)
  9768 | D:8      | Found an ornate altar of the Wu Jian Council.
 10223 | D:8      | HP: 23/48 [orc priest/divine providence (12)]
 10692 | D:9      | Reached ** piety under Dithmenos
 11009 | D:9      | Reached skill level 11 in Stealth
 11082 | D:9      | Noticed a three-headed hydra
 11086 | D:9      | Killed a three-headed hydra
 11146 | D:9      | Identified the +4 buckler of Vimis {+Inv +Fly Str+6}
 11529 | D:9      | Found a staircase to the Lair.
 11801 | D:10     | Entered Level 10 of the Dungeon
 11801 | D:10     | Noticed Sonja
 11911 | Lair:1   | Entered Level 1 of the Lair of Beasts
 11925 | Lair:1   | Reached skill level 1 in Shields
 11936 | Lair:1   | Reached XP level 11. HP: 53/53 MP: 17/25
 12111 | Lair:1   | HP: 25/53 [poisoned by a spiny frog]
 12116 | Lair:1   | HP: 20/53 [poisoned by a spiny frog]
 12121 | Lair:1   | HP: 16/53 [poisoned by a spiny frog]
 12127 | Lair:1   | HP: 13/53 [poisoned by a spiny frog]
 12134 | Lair:1   | HP: 11/53 [poisoned by a spiny frog]
 12141 | Lair:1   | HP: 10/53 [poisoned by a spiny frog]
 12149 | Lair:1   | HP: 10/53 [poisoned by a spiny frog]
 12516 | Lair:1   | Reached *** piety under Dithmenos
 12669 | Lair:1   | Reached skill level 12 in Stealth
 12669 | Lair:1   | Reached skill level 1 in Evocations
 12675 | Lair:1   | Reached skill level 10 in Short Blades
 13911 | Lair:2   | Reached skill level 5 in Invocations
 14159 | Lair:2   | Reached **** piety under Dithmenos
 14636 | Lair:3   | Noticed Fannar
 14647 | Lair:3   | Reached skill level 10 in Hexes
 14670 | Lair:3   | Reached XP level 12. HP: 58/58 MP: 18/26
 14777 | Lair:3   | Noticed an eight-headed hydra
 14780 | Lair:3   | Killed an eight-headed hydra
 14863 | Lair:3   | Reached skill level 13 in Stealth
 14907 | Lair:3   | Reached skill level 5 in Fighting
 14974 | Lair:3   | Found a gate leading to a gauntlet.
 14983 | Gauntlet | Entered a Gauntlet
 14983 | Gauntlet | Found a transporter.
 14983 | Gauntlet | Found a transporter.
 14983 | Gauntlet | Found a transporter.
 15056 | Gauntlet | Found a transporter.
 15059 | Gauntlet | Found a transporter.
 15066 | Gauntlet | Found a runed translucent door.
 15069 | Gauntlet | Found a transporter.
 15070 | Gauntlet | Found a transporter.
 15078 | Gauntlet | Found a transporter.
 15087 | Gauntlet | Noticed a dire elephant
 15096 | Gauntlet | Found a transporter.
 15113 | Gauntlet | Found a transporter.
 15116 | Gauntlet | Found a transporter.
 15126 | Gauntlet | Found a transporter.
 15252 | Gauntlet | Reached skill level 5 in Evocations
 15373 | Gauntlet | Learned a level 1 spell: Confusing Touch
 15409 | Gauntlet | HP: 25/60 [wolf (12)]
 15592 | Gauntlet | Noticed a queen ant
 15608 | Gauntlet | Reached skill level 10 in Dodging
 15674 | Gauntlet | Noticed a tengu warrior
 15699 | Gauntlet | Identified the amulet "Ozeu" {Harm *Drain MR+ Slay+3}
 15699 | Gauntlet | Noticed a minotaur
 15699 | Gauntlet | HP: 11/60 [minotaur/javelin (49)]
 16003 | Lair:3   | Reached ***** piety under Dithmenos
 16452 | Lair:3   | Found a runed translucent gate.
 16452 | Lair:3   | Found a runed translucent gate.
 16452 | Lair:3   | Found a runed translucent gate.
 16456 | Lair:3   | Noticed Mosut's ghost (journeyman HOWn)
 16470 | Lair:3   | Killed Mosut's ghost
 16797 | Lair:4   | Noticed a death yak
 16886 | Lair:4   | Noticed a six-headed hydra
 16895 | Lair:4   | Killed a six-headed hydra
 16904 | Lair:4   | Reached skill level 5 in Shields
 16986 | Lair:4   | Found a hole to the Spider Nest.
 17060 | Lair:4   | Found a staircase to the Swamp.
 17134 | Lair:3   | HP: 30/60 [bog body/bolt of cold (5)]
 17361 | Lair:3   | Killed Fannar
 17488 | Lair:4   | Reached XP level 13. HP: 64/64 MP: 10/27
 18760 | Lair:5   | HP: 29/64 [blink frog (11)]
 18877 | Lair:5   | Noticed Nessos
 18951 | Lair:5   | Killed Nessos
 19021 | Lair:5   | Noticed Snorg
 19028 | Lair:5   | Killed Snorg
 19130 | Lair:5   | Found a staircase to the Slime Pits.
 19771 | Lair:6   | Entered Level 6 of the Lair of Beasts
 19882 | Lair:6   | Reached skill level 14 in Stealth
 20276 | Lair:6   | Reached ****** piety under Dithmenos
 21435 | Lair:6   | Reached XP level 14. HP: 70/70 MP: 28/28
 21449 | Lair:6   | Reached skill level 15 in Stealth
 21778 | Lair:6   | Learned a level 6 spell: Invisibility
 21821 | Lair:6   | Learned a level 6 spell: Darkness
 22650 | D:10     | Reached skill level 10 in Invocations
 22702 | D:10     | Killed Sonja
 22747 | D:10     | Noticed Josephine
 22794 | D:10     | Killed Josephine
 22838 | D:10     | Found a sparkling altar of Nemelex Xobeh.
 22858 | D:10     | Noticed Maurice
 22864 | D:10     | Killed Maurice
 23362 | D:11     | Found Asesei's General Store.
 23371 | D:11     | Bought a potion of berserk rage for 70 gold pieces
 24294 | D:12     | Reached skill level 16 in Stealth
 24480 | D:12     | Learned a level 1 spell: Summon Butterflies
 24944 | D:12     | Identified the ring "Rabreynu" {*Contam rElec rPois rF++
                  | Dex+2}
 25186 | D:12     | Found a staircase to the Orcish Mines.
 25201 | Orc:1    | Entered Level 1 of the Orcish Mines
 25562 | Orc:1    | Noticed an orc warlord
 25600 | Orc:1    | Killed an orc warlord
 26278 | Orc:2    | Entered Level 2 of the Orcish Mines
 26402 | Orc:2    | Reached XP level 15. HP: 60/77 MP: 21/29
 26436 | Orc:2    | Noticed Azrael
 26624 | Orc:1    | Reached skill level 1 in Summonings
 26724 | Orc:2    | Killed Azrael
 27346 | Orc:2    | Got a transparent hunting sling
 27415 | Orc:2    | Found a staircase to the Elven Halls.
 27501 | Orc:2    | Found Dothiffe's Gadget Shop.
 27592 | Orc:2    | Noticed an orc warlord
 27607 | Orc:2    | Killed an orc warlord
 27701 | Orc:2    | Found a roughly hewn altar of Beogh.
 28140 | Orc:2    | Found Veuk's Armour Boutique.
 28585 | Orc:2    | Reached skill level 17 in Stealth
 28679 | Orc:2    | Identified 3 scrolls of acquirement
 28763 | Orc:2    | Found a roughly hewn altar of Beogh.
 28835 | Orc:2    | Found Waheck's Book Emporium.
 28849 | Orc:2    | Found Cayd's Jewellery Shoppe.
 29588 | Swamp:1  | Entered Level 1 of the Swamp
 29596 | Swamp:1  | Found the +7 captain's cutlass {speed, disarm}
 29681 | Swamp:2  | Noticed a thorn hunter
 29684 | Swamp:2  | You fall through a shaft!
 29743 | Swamp:4  | Entered Level 4 of the Swamp
 29769 | Swamp:4  | Noticed a thorn hunter
 29831 | Swamp:4  | Killed a thorn hunter
 30047 | Swamp:4  | Noticed a thorn hunter
 30055 | Swamp:4  | Got a decaying rune of Zot
 30393 | Swamp:2  | Found a runed translucent door.
 30395 | Swamp:2  | Noticed feelmyfire's ghost (adept DgTm)
 30458 | Spider:1 | Entered Level 1 of the Spider Nest
 30511 | Spider:2 | Got a fine rapier
 30514 | Spider:2 | You fall through a shaft!
 30514 | Spider:3 | Noticed a ghost moth
 30586 | Spider:4 | Entered Level 4 of the Spider Nest
 30680 | Spider:4 | Identified the +5 rapier of Terra Cotta {speed, rElec
                  | Int+4} (You found it on level 2 of the Spider Nest)
 31178 | Spider:4 | Reached XP level 16. HP: 75/82 MP: 24/30
 31587 | Spider:4 | Reached skill level 18 in Stealth
 31947 | Spider:4 | Got a gossamer rune of Zot
 32620 | D:14     | Got a crystal long sword
 32811 | D:15     | Entered Level 15 of the Dungeon
 33051 | D:15     | Found a staircase to the Depths.
 33058 | Depths:1 | Entered Level 1 of the Depths
 33089 | Depths:1 | Found a gateway to Hell.
 33251 | Depths:1 | Found Xyixt's Distillery.
 33259 | Depths:1 | Bought a potion of magic for 96 gold pieces
 33259 | Depths:1 | Bought 2 potions of haste for 240 gold pieces
 33259 | Depths:1 | Bought a potion of heal wounds for 60 gold pieces
 33259 | Depths:1 | Bought a potion of heal wounds for 60 gold pieces
 33259 | Depths:1 | Bought a potion of heal wounds for 60 gold pieces
 33259 | Depths:1 | Bought a potion of haste for 120 gold pieces
 33259 | Depths:1 | Bought 2 potions of haste for 240 gold pieces
 33401 | Depths:2 | Reached skill level 19 in Stealth
 33454 | Depths:1 | Noticed a tengu reaver
 33474 | Depths:1 | Killed a tengu reaver
 33705 | D:15     | HP: 34/85 [ettin/+0 dire flail (16)]
 33893 | Depths:1 | Reached skill level 10 in Fighting
 34030 | Depths:2 | Reached skill level 15 in Dodging
 34035 | Depths:2 | Noticed a storm dragon
 34069 | Depths:1 | HP: 30/85 [yaktaur/bolt[a yaktaur captain] (17)]
 34625 | Depths:2 | HP: 34/85 [yaktaur captain (15)]
 34625 | Depths:2 | Shot with a bolt by a yaktaur

Skill      XL: |  1  2  3  4  5  6  7  8  9 10 11 12 13 14 15 16 |
---------------+-------------------------------------------------+-----
Spellcasting   | 3 4 5 7 9 |  9.0
Hexes          | 4 5 6 7 8 9 10 12 | 12.0
Stealth        | 5 6 7 9 10 11 12 13 14 16 17 19 | 19.7
Short Blades   | 2 3 4 5 7 9 10 14 | 14.0
Fighting       | 2 3 4 5 6 7 8 10 | 10.2
Dodging        | 5 7 9 10 11 13 15 | 15.0
Invocations    | 2 3 5 6 9 11 13 | 13.4
Shields        | 1 3 6 7 |  7.2
Evocations     | 4 5 6 |  6.0
Summonings     | 3 |  3.0

Action                   |  1- 3 |  4- 6 |  7- 9 | 10-12 | 13-15 | 16-18 || total
-------------------------+-------+-------+-------+-------+-------+-------++-------
Melee: Dagger            |    96 |   225 |   300 |   269 |  1135 |       ||  2025
       Rapier            |       |       |    14 |       |       |       ||    14
       Cutlass           |       |       |       |       |   174 |   361 ||   535
 Cast: Corona            |     7 |    13 |     2 |       |       |       ||    22
       Ensorcelled Hiber |    21 |    34 |    63 |   151 |   411 |    71 ||   751
       Confuse           |       |     6 |    23 |    23 |    37 |    12 ||   101
       Dazzling Spray    |       |       |     4 |    16 |    36 |     5 ||    61
       Tukima's Dance    |       |       |     2 |       |       |       ||     2
       Confusing Touch   |       |       |       |       |     5 |     2 ||     7
       Summon Butterflie |       |       |       |       |     1 |       ||     1
       Invisibility      |       |       |       |       |       |     1 ||     1
Invok: Shadow Form       |       |       |       |       |     1 |       ||     1
 Abil: Evoke Invisibilit |       |       |       |     2 |       |     1 ||     3
       Evoke Flight      |       |       |       |       |     2 |       ||     2
Evoke: Wand              |       |     1 |     1 |     1 |       |       ||     3
  Use: Scroll            |       |       |    19 |     3 |     9 |     1 ||    32
       Potion            |       |       |       |     1 |     1 |       ||     2
 Stab: Sleeping          |    14 |    31 |    56 |   126 |   366 |    50 ||   643
       Distracted        |       |     2 |       |     2 |     9 |     3 ||    16
       Confused          |       |     3 |    14 |    20 |    22 |     9 ||    68
       Invisible         |       |       |     1 |     2 |    14 |    12 ||    29
       Held in net/web   |       |       |       |       |       |     2 ||     2
  Eat: Ration            |       |     2 |     3 |     3 |     8 |     2 ||    18
Armor: Robe              |     3 |    11 |    13 |     8 |     2 |       ||    37
       Troll leather arm |       |       |       |       |    45 |     9 ||    54
Dodge: Dodged            |    67 |   112 |   114 |   220 |   647 |   143 ||  1303
Block: Buckler           |       |       |       |    26 |   453 |   123 ||   602

Levels and vault maps discovered:
D:1:      dpeg_arrival_radiant, layout_loops_ring, amethyst_killhole,
          serial_bayou_pond_c, okawaru_ov_weapons_minmay
D:2:      layout_basic, lemuel_crystal_altar, chequers_ecumenical_altar_grove
D:3:      layout_loops_ring
D:4:      layout_basic, lemuel_coloured_pillars_altar, first_ration, uniq_ijyb,
          uniq_natasha, uniq_pikel
D:5:      layout_gridville
D:6:      layout_basic, minmay_quadrilaterals
D:7:      layout_rooms, lemuel_crystal_altar, minmay_temple_entry_wispy,
          uniq_crazy_yiuf_cottage, uniq_joseph
D:8:      layout_rooms, lemuel_crystal_altar
D:9:      layout_irregular_city, erik_lair_dragon, hangedman_ranch
          [blue_anna_fruit_fields]
D:10:     layout_rooms, basic_altar, uniq_josephine, uniq_sonja, uniq_maurice
D:11:     layout_long_grid, serial_shops, shop
D:12:     layout_gridville, orc_0_dummy
D:13:     layout_loops_ring, grunt_vaults_entry_fortified,
          nrook_guardian_serpent_double
D:14:     minmay_razor_zed, layout_stronghold, hangedman_abyss_or_decor_stabs
D:15:     hangedman_depths_entry_civil_slaughter, layout_rooms, minivault_23,
          nicolae_twisting_strands
Temple:   dpeg_five_rooms_temple
Lair:1:   layout_layer_cave, beast_lair_carwin_6
Lair:2:   layout_cave_pods
Lair:3:   layout_long_grid, gauntlet_entry_generic, ebering_ghost_rock_garden,
          grunt_megastairs_5, uniq_fannar
Lair:4:   layout_regular_city, skrybe_swamp_entry_bodies,
          spider_nest_entry_web_field, serial_bayou, serial_bayou_ford_a,
          serial_bayou_shore_a, serial_bayou_shore_b, serial_bayou_lagoon_b,
          serial_bayou_shore_b, beast_lair_carwin_2
Lair:5:   layout_layer_cave, nicolae_slime_entry_slimehenge, grunt_megastairs_4,
          uniq_nessos, uniq_snorg
Lair:6:   minmay_lair_end_frog_pond, layout_gridlike, lemuel_fruit_tree
Swamp:1:  layout_basic_swamp, evilmike_swamp_ruin_house_1
Swamp:2:  layout_basic_swamp, gammafunk_ghost_grave,
          nicolae_swamp_orc_logging_accident
Swamp:3:  layout_basic_swamp, evilmike_swamp_ruin_house_5,
          infiniplex_staircase_pool
Swamp:4:  swamp, layout_basic_swamp
Spider:1: layout_chambers, uniq_frances
Spider:2: layout_spider_delve, portal_ice_cave_entry_ice_statue_two,
          hangedman_spider_mandibles
Spider:3: layout_spider_delve
Spider:4: grunt_spider_rune_circles, uniq_asterion, uniq_louise
Orc:1:    layout_diamond_mine
Orc:2:    pubby_orc_utopia, serial_shops, uniq_azrael
Depths:1: layout_big_octagon, hell_entry, serial_shops, shop,
          hangedman_abyss_or_decor_stagger, hangedman_abyss_entry_splay,
          grunt_ministairs_3, evilmike_minifort
Depths:2: minmay_shoctagon, layout_cave_pools, grunt_hell_horde,
          nicolae_abyss_entry_one_way_or_another, kennysheep_generic_room_11,
          minmay_staircase_bubble
Gauntlet: minmay_gauntlet_mixed_big_or_small [nicolae_gauntlet_arena_blocks,
          minmay_gauntlet_arena_77_braids,
          gammafunk_gauntlet_arena_arrow_garden, minmay_gauntlet_arena_77_path,
          gammafunk_gauntlet_arena_split_diamond,
          minmay_gauntlet_arena_77_hold_the_fort, gauntlet_exit_hidden_loot]
